cohdb
Replays
Latest Replays
All Replays
Popular Replays
Top Player Replays
Match Explorer
How It Works
Community
CoH3 Stats
Reddit
Sign in to upload your games and track your stats! →
Sign in with Steam
Match 28055548
Unlisted
Match 28055548
Overview
Messages
Build Orders
End
Pioneer Squad
Selects Italian Coastal Battlegroup
Selects Coastal Reserves
Coastal Reserve
Construct Infanterie Kompanie
MG 42 Machine Gun Team
Coastal Reserve
Selects Artillery Officer
Artillery Officer
Medical Bunker
Coastal Reserve
Construct Panzergrenadier Kompanie
Pak 40 Anti-tank Gun Team
Support Elements
Nebelwerfer 42 Rocket Launcher Team
Nebelwerfer 42 Rocket Launcher Team
Medical Bunker
Selects Obice da 210/22 Artillery Emplacement
251 Medium Carrier
Selects Support Bunkers
Selects Designated Artillery Overwatch
Construct Panzer Kompanie
Panzer IV Medium Tank
251 Medium Carrier
Panzer IV Medium Tank
Selects Call the Reserves!
Side Skirts
Panzer IV Medium Tank
Pioneer Squad
Medical Station
Panzer IV Medium Tank
Medical Bunker
Panzergrenadier Squad
Jacob
BUGII
丢你个大西瓜
Bananenratte
Kannamix
Imperiale
0
0
Comments
sign in to comment!
No comments posted yet!